Map: Lost and Found LE

Players

Cham

  • Race: Zerg Zerg
  • Spawn Location: 1:00

GOStephano (Stephano) - Winner!

  • Race: Zerg Zerg
  • Spawn Location: 7:00

Event: WCS Austin 2018

VOD

Have the link to the VOD?

Description

Time

  • Played on: June 1, 2018, 2:52 p.m.
  • Length: 8:03

All games in this series

Show
View Real Time Build Order
Export as new Build Order

Cham Zerg 

Build Orders: Hatch First 

Get SALT Encoding   

  12  0:01  Drone  
  13  0:08  Drone  
  14  0:18  Overlord  
  14  0:37  Drone x3  
  17  0:52  Hatchery  
  17  0:55  Drone  
  17  0:59  Drone  
  17  1:01  Extractor  
  17  1:13  Spawning Pool  
  17  1:17  Drone  
  17  1:23  Drone  
  18  1:31  Drone  
  19  1:56  Overlord  
  19  2:01  Queen  
  21  2:04  Queen  
  21  2:06  Zergling x4  
  21  2:07  Zergling x2  
  26  2:14  Drone  
  26  2:15  Drone  
  28  2:25  Drone  
  28  2:26  Drone  
  30  2:43  Hatchery  
  29  2:50  Baneling Nest, Drone  
  29  2:51  Drone x2  
  31  2:54  Drone  
  31  2:58  Drone  
  32  3:08  Drone x2  
  32  3:11  Drone  
  36  3:16  Overlord  
  36  3:17  Evolution Chamber  
  36  3:19  Drone  
  36  3:24  Extractor  
  36  3:25  Drone x2  
  35  3:32  Metabolic Boost  
  35  3:33  Baneling Nest  
  35  3:34  Roach Warren  
  35  3:36  Drone x3  
  35  3:38  Drone  
  35  3:39  Drone  
  39  3:47  Queen  
  41  3:52  Zergling x4  
  41  3:53  Zergling x2  
  44  3:56  Zergling x2  
  44  3:57  Zergling x4  
  44  4:00  Overlord  
  44  4:02  Zergling x2  
  48  4:05  Zergling x2  
  48  4:06  Zergling x2  
  50  4:10  Overlord  
  50  4:15  Overlord  
  50  4:17  Baneling x2  
  50  4:19  Drone  
  50  4:20  Drone x2  
  50  4:21  Baneling  
  50  4:22  Baneling  
  53  4:27  Overlord  
  53  4:30  Drone  
  53  4:31  Drone x2  
  56  4:36  Drone x3  
  59  4:42  Overlord, Extractor  
  59  4:44  Zergling x4  
  60  4:47  Drone  
  60  4:58  Overlord x2  
  60  5:00  Roach x3  
  60  5:02  Roach  
  60  5:04  Roach  
  67  5:09  Roach x2  
  70  5:17  Roach x2  
  70  5:18  Roach  
  70  5:20  Roach  
  77  5:24  Roach x2  
  79  5:32  Roach x3  
  85  5:35  Overlord  
  85  5:38  Roach  
  85  5:40  Roach  
  89  5:44  Zergling x4  
  89  5:45  Zergling x2  
  93  5:50  Zergling x6  
  93  5:52  Zergling x2  
  94  5:57  Zergling x6  
  94  6:01  Baneling  
  94  6:02  Zergling x4  
  94  6:03  Zergling x2  
  99  6:06  Ravager  
  99  6:10  Baneling x4  
  95  6:11  Zergling x4  
  95  6:12  Drone  
  95  6:15  Drone x2  
  95  6:18  Drone  
  101  6:24  Drone x4  
  105  6:27  Drone  
  105  6:31  Lair  
  106  6:36  Overlord  
  106  6:37  Overlord  
  106  6:42  Evolution Chamber  
  105  6:48  Overlord, Drone  
  106  6:54  Drone x2  
  106  6:55  Drone x5  
  106  6:56  Drone  
  106  6:58  Drone  
  106  6:59  Drone  
  106  7:01  Drone  
  114  7:09  Overlord  
  114  7:10  Roach x3  
  114  7:13  Drone x2  
  114  7:15  Roach  
  123  7:18  Roach  
  123  7:20  Roach  
  123  7:21  Roach  
  129  7:25  Overlord  
  129  7:28  Roach  
  129  7:29  Roach  
  132  7:30  Roach  
  132  7:31  Roach  
  132  7:32  Roach  
  127  7:37  Roach x2, Extractor  
  127  7:38  Roach  
  127  7:42  Roach  
  127  7:43  Roach x2  
Show
View Real Time Build Order
Export as new Build Order

GOStephano Zerg - Winner!

Build Orders: Hatch First 

Get SALT Encoding   

  12  0:01  Drone  
  13  0:13  Overlord  
  13  0:17  Drone  
  14  0:31  Drone x2  
  16  0:47  Hatchery  
  15  0:51  Drone  
  15  0:54  Drone  
  17  0:57  Drone  
  18  1:08  Extractor  
  17  1:12  Spawning Pool  
  17  1:15  Drone  
  17  1:19  Drone  
  18  1:28  Drone  
  19  1:39  Drone  
  20  1:51  Drone  
  21  1:59  Queen x2  
  21  2:00  Zergling x2  
  26  2:01  Overlord  
  26  2:07  Evolution Chamber  
  25  2:10  Drone  
  25  2:11  Drone  
  27  2:21  Drone  
  28  2:24  Drone  
  29  2:33  Zerg Ground Armor Level 1  
  29  2:35  Queen  
  31  2:39  Overlord  
  31  2:46  Drone x3  
  34  2:55  Drone x2  
  36  3:05  Drone x2  
  37  3:08  Zergling x6  
  37  3:10  Drone x2  
  42  3:14  Metabolic Boost  
  42  3:15  Drone  
  43  3:22  Overlord  
  43  3:27  Overlord  
  43  3:31  Spine Crawler  
  43  3:34  Overlord  
  42  3:36  Drone  
  43  3:42  Drone x5  
  43  3:43  Drone x2  
  43  3:46  Drone  
  51  3:54  Drone  
  51  3:55  Drone  
  53  4:00  Hatchery  
  52  4:07  Zergling x4  
  54  4:10  Extractor  
  54  4:13  Roach Warren, Zergling x6  
  55  4:17  Zergling x2  
  55  4:18  Zergling x2  
  57  4:27  Zergling x4  
  59  4:31  Lair  
  59  4:32  Extractor  
  59  4:38  Drone x2  
  60  4:42  Drone x5  
  65  4:49  Drone  
  66  4:57  Overlord  
  65  5:04  Overlord  
  65  5:06  Zerg Missile Weapons Level 1  
  64  5:07  Zergling x8  
  67  5:15  Overlord  
  67  5:17  Zergling x4  
  67  5:18  Zergling x2  
  67  5:19  Zergling x6  
  72  5:28  Roach x2  
  69  5:31  Glial Reconstitution  
  69  5:33  Roach  
  71  5:38  Roach x2  
  71  5:39  Roach x2  
  79  5:46  Roach x4  
  87  5:51  Overlord  
  87  5:53  Queen  
  89  5:59  Spine Crawler  
  89  6:00  Overlord, Spine Crawler x2  
  89  6:01  Spine Crawler  
  89  6:02  Roach x5  
  91  6:09  Roach x3  
  95  6:11  Roach  
  95  6:15  Roach x2  
  99  6:22  Roach x3  
  105  6:29  Roach x3  
  105  6:30  Roach  
  113  6:36  Overlord x2  
  113  6:43  Overlord  
  113  6:48  Overlord x2  
  113  6:56  Roach x4  
  113  6:57  Roach  
  123  7:04  Roach  
  123  7:05  Roach x3  
  130  7:08  Roach  
  130  7:09  Roach  
  130  7:11  Roach  
  137  7:15  Roach  
  137  7:16  Roach  
  137  7:21  Roach  
  137  7:22  Roach x2  
  144  7:29  Overlord  
  144  7:32  Roach  
  144  7:33  Roach x2  
  138  7:41  Roach x3  
Tags
 
Add a new tag
Caveats
  • Supply blocks, unpowered buildings, or Contaminate may cause inaccurate times.
  • Supply counts are checked every 10 seconds.